 Dungeon Crawl Stone Soup version 0.17.1-1-g73c8601 (webtiles) character file.

1916 Andry07 the Skirmisher (level 9, -1/53 HPs)
             Began as a Vine Stalker Fighter on Jan 1, 2016.
             Was a Follower of the Shining One.
             Slain by a killer bee (6 damage)
             ... on level 6 of the Dungeon.
             The game lasted 00:09:23 (4430 turns).

Andry07 the Skirmisher (Vine Stalker Fighter)       Turns: 4430, Time: 00:09:23

Health: -1/53      AC:  7    Str: 25    XL:     9   Next: 16%
Magic:  0/9        EV:  9    Int: 13    God:    the Shining One [*.....]
Gold:   87         SH: 11    Dex: 14    Spells: 0 memorised, 8 levels left

rFire  . . .     SeeInvis .     t - +9 long sword of Infinite Pain {slice, Int+5}
rCold  . . .     Clarity  .     y - +0 leather armour of Egunaid {rElec Str+3}
rNeg   . . .     SustAt   .     c - +0 shield
rPois  .         Gourm    .     (no helmet)
rElec  +         Spirit   +     (no cloak)
rCorr  .         Warding  .     s - +0 pair of gloves
rMut   .         Stasis   .     o - +1 pair of boots
MR     +....                    (no amulet)
Stlth  +.........               (no ring)
                                (no ring)

@: glowing, somewhat resistant to hostile enchantments, very unstealthy
A: fangs 3, icy blue scales 1, blink, low mp 1, sense surroundings 1,
regeneration 2, robust 1, magic shield, antimagic bite, no device heal 3, rot
immunity
a: Blink, Renounce Religion


You were on level 6 of the Dungeon.
You worshipped the Shining One.
The Shining One was aware of your devotion.
You were not hungry.

You visited 2 branches of the dungeon, and saw 8 of its levels.
You also visited: Sewer.

You collected 187 gold pieces.
You spent 100 gold pieces at shops.

Inventory:

Hand Weapons
 a - a +0 flail
 t - the +9 long sword of Infinite Pain (weapon) {slice, Int+5}
   (You found it on level 4 of the Dungeon)

   It inflicts extra damage upon your enemies.
   It affects your intelligence (+5).
Missiles
 q - 5 tomahawks (quivered)
Armour
 b - a +0 scale mail
 c - a +0 shield (worn)
 o - a +1 pair of boots (worn)
 s - a +0 pair of gloves (worn)
 y - the +0 leather armour of Egunaid (worn) {rElec Str+3}
   (You found it in a sewer)

   It affects your strength (+3).
   It insulates you from electricity.
Scrolls
 k - 7 scrolls of identify {unknown}
 l - 2 scrolls of blinking {unknown}
 n - a scroll of fear {unknown}
 p - a scroll of enchant weapon {unknown}
 u - 3 scrolls of teleportation {unknown}
 v - a scroll of enchant armour {unknown}
 w - a scroll of magic mapping {unknown}
 x - a scroll of remove curse
 B - a scroll of recharging
Potions
 d - 3 potions of might
 f - a potion of ambrosia {unknown}
 h - 9 potions of curing
 i - 2 potions of flight {unknown}
 m - 3 potions of lignification {unknown}
 z - 2 potions of haste
 A - a potion of heal wounds {unknown}
Comestibles
 e - 13 bread rations
 j - 3 beef jerkies
 r - 2 slices of pizza


   Skills:
 + Level 6.7 Fighting
 + Level 5.0 Long Blades
 - Level 3.5 Maces & Flails
 - Level 2.4 Armour
 + Level 6.7 Shields


You had 8 spell levels left.
You didn't know any spells.

Dungeon Overview and Level Annotations

Branches:
Dungeon (7/15)             Temple (1/1) D:5

Altars:
Cheibriados
Ru
Trog
Zin
The Shining One

Shops:
D:6 %   D:7 (


Innate Abilities, Weirdness & Mutations

You have razor-sharp teeth.
You heal very quickly.
When hurt, damage is shared between your health and your magic reserves.
Your bite disrupts and absorbs the magic of your enemies.
Potions and wands cannot restore your health.
You are immune to rotting.
You are partially covered in icy blue scales (AC +1).
You can translocate small distances at will.
Your magical capacity is low (-10% MP).
You passively map a small area around you.
You are robust (+10% HP).


Message History

You closely miss the killer bee.
You bite the killer bee, but do no damage.
You feel sick. You block the killer bee's attack. The killer bee stings you!
* * * LOW HITPOINT WARNING * * *
You block the killer bee's attack. x2
You slash the killer bee!
You kill the killer bee!
* * * LOW HITPOINT WARNING * * *
You feel sick. The killer bee stings you.
* * * LOW HITPOINT WARNING * * *
You are more poisoned.
The killer bee poisons you! You block the killer bee's attack.
Drink which item? (? for menu, Esc to quit)
You can't drink that!
Drink which item? (? for menu, Esc to quit)
It was a potion of curing.
You feel better. The killer bee stings you. You block the killer bee's attack.
You block the killer bee's attack. The killer bee barely misses you.
The killer bee stings you.
You die...

#.# #.#...###....#.#.#...#
#.#####.#######..##.###....#
#####.........#
#...#.#.#.#....
#...........#.#
##.##.##.####...
#.###.......#.# #..#.###.#
#.#.. #.# ##.#.####.# ###.##
#.# ####. #.#
#.#....#.####†## #.# #.# #.#
#.#.......y########.#######
#.#
#.##......@................
#.#
#..........................
#.#
######.#######.############
##.#########.# #.#
.............# #.#
############.# #.# ### ###


You could see a killer bee.

Vanquished Creatures
  The ghost of Andry07 the Shield-Bearer, an amateur VSFi (D:4)
  A sky beast (D:5)
  An orc warrior (D:6)
  3 ice beasts
  A black bear (D:6)
  2 ogres (D:6)
  2 giant frogs (D:6)
  A scorpion (D:6)
  The ghost of grizfap the Skirmisher, a weakling DrBe of Trog (D:3)
  2 killer bees (D:6)
  5 wights (D:6)
  A crimson imp (D:6)
  An orc wizard (D:6)
  A giant frog zombie (D:5)
  A centaur skeleton (D:7)
  2 hounds
  Ijyb (D:3)
  2 iguanas
  2 worker ants (D:6)
  6 river rats (Sewer)
  6 adders
  An ooze (D:2)
  3 worms
  4 giant geckos
  13 orcs
  4 hobgoblins
  3 jackals (D:1)
  A quokka (D:6)
  6 ball pythons
  11 bats
  6 giant cockroaches
  5 giant newts
  7 goblins
  A jackal skeleton (D:6)
  26 kobolds
  28 rats
162 creatures vanquished.

Notes
Turn   | Place    | Note
--------------------------------------------------------------
     0 | D:1      | Andry07 the Vine Stalker Fighter began the quest for the Orb.
     0 | D:1      | Reached XP level 1. HP: 11/11 MP: 2/2
   138 | D:1      | Reached XP level 2. HP: 16/16 MP: 3/3
   279 | D:1      | Reached skill level 3 in Fighting
   537 | D:1      | Reached XP level 3. HP: 20/20 MP: 4/4
   963 | D:2      | Reached XP level 4. HP: 24/24 MP: 5/5
  1238 | D:3      | Noticed an ice beast
  1246 | D:3      | Killed an ice beast
  1246 | D:3      | Reached XP level 5. HP: 12/29 MP: 2/6
  1315 | D:3      | Noticed grizfap's ghost (weakling DrBe)
  1335 | D:3      | Killed grizfap's ghost
  1335 | D:3      | Reached skill level 4 in Fighting
  1410 | D:3      | Noticed Ijyb
  1420 | D:3      | Killed Ijyb
  1420 | D:3      | Gained mutation: You heal very quickly. [Vine Stalker growth]
  1420 | D:3      | Reached XP level 6. HP: 33/33 MP: 7/7
  1727 | D:4      | Got a crude long sword
  1728 | D:4      | Identified the +9 long sword of Infinite Pain {slice, Int+5} (You found it on level 4 of the Dungeon)
  1791 | D:4      | Noticed Andry07's ghost (amateur VSFi)
  1807 | D:4      | Killed Andry07's ghost
  1807 | D:4      | Reached skill level 1 in Long Blades
  1859 | D:4      | Reached XP level 7. HP: 38/38 MP: 8/8
  2038 | D:5      | Entered Level 5 of the Dungeon
  2069 | D:5      | Gained mutation: You passively map a small area around you. [mutagenic meat]
  2070 | D:5      | Gained mutation: You are robust (+10% HP). [mutagenic meat]
  2071 | D:5      | Gained mutation: You can translocate small distances at will. [mutagenic meat]
  2075 | D:5      | Gained mutation: You are partially covered in icy blue scales (AC +1). [mutagenic meat]
  2076 | D:5      | Gained mutation: Your magical capacity is low (-10% MP). [mutagenic meat]
  2424 | D:5      | Reached skill level 5 in Fighting
  2529 | D:5      | Reached skill level 5 in Shields
  2537 | D:5      | Found a glowing drain.
  2541 | Sewer    | Entered a sewer
  2584 | Sewer    | Got an ichor-stained leather armour
  2595 | Sewer    | Identified the cursed +0 leather armour of Egunaid {rElec Str+3} (You found it in a sewer)
  3169 | D:5      | Found a staircase to the Ecumenical Temple.
  3299 | Temple   | Entered the Ecumenical Temple
  3303 | Temple   | Became a worshipper of the Shining One
  3365 | D:6      | Found Lizeorpho's Food Shop.
  3374 | D:6      | Gained mutation: You have razor-sharp teeth. [Vine Stalker growth]
  3374 | D:6      | Reached XP level 8. HP: 44/48 MP: 6/8
  3393 | D:6      | Bought a bread ration for 50 gold pieces
  3393 | D:6      | Bought a bread ration for 50 gold pieces
  3618 | D:6      | Found a glowing silver altar of Zin.
  3719 | D:6      | Reached skill level 6 in Fighting
  4386 | D:7      | Found Vofyek's Antique Weapon Boutique.
  4392 | D:7      | Reached XP level 9. HP: 45/53 MP: 9/9
  4393 | D:7      | Reached * piety under the Shining One
  4425 | D:6      | Reached skill level 5 in Long Blades
  4430 | D:6      | Slain by a killer bee

Action                   |  1- 3 |  4- 6 |  7- 9 || total
-------------------------+-------+-------+-------++-------
Melee: Flail             |   129 |    48 |       ||   177
       Short sword       |       |    15 |       ||    15
       Long sword        |       |    12 |   196 ||   208
  Use: Scroll            |     2 |       |     1 ||     3
       Potion            |       |       |     1 ||     1
 Stab: Sleeping          |       |       |     1 ||     1
  Eat: Chunk             |       |     2 |    13 ||    15
       Fruit             |       |       |     3 ||     3
